 Dungeon Crawl Stone Soup version 0.31-a0-164-g2312942fda (webtiles) character file.

Game seed: 1720751882449955615

6202 Anon1729 the Fighter (level 10, -27/94 HPs)
             Began as a Minotaur Monk on June 13, 2023.
             Was a Priest of Uskayaw.
             Annihilated by an orc warlord
             ... wielding a +4 battleaxe
              (32 damage)
             ... in a bailey.
             The game lasted 00:07:05 (9596 turns).

Anon1729 the Fighter (Minotaur Monk)                Turns: 9596, Time: 00:07:06

Health: -27/94     AC:  6    Str: 16    XL:     10   Next: 61%
Magic:  15/15      EV: 20    Int:  7    God:    Uskayaw [***...]
Gold:   384        SH:  5    Dex: 17    Spells: 9/9 levels left

rFire   + . .        Q - +8 mithril axe "Arga" {speed, Will+}
rCold   . . .        d - orb {light}
rNeg    . . .        M - +1 ring mail {rF+}
rPois   .            (helmet restricted)
rElec   .            (no cloak)
rCorr   .            (no gloves)
SInv    +            (no boots)
Will    +....        j - amulet of reflection
Stlth   +            P - +5 ring of evasion
HPRegen 0.35/turn    u - ring of see invisible
MPRegen 0.14/turn

%: reflection
@: glowing
A: horns 2, retaliatory headbutt
a: Renounce Religion, Stomp, Line Pass


You were in a bailey.
You worshipped Uskayaw.
Uskayaw was aware of your devotion.
You visited 1 branch of the dungeon, and saw 9 of its levels.
You also visited: Bailey.

You collected 384 gold pieces.

Inventory:

Hand Weapons
 a - a +0 short sword
 f - a +1 short sword of protection
 z - the +5 trident of the Past {flame, rPois rF+ rC+}
   (You found it on level 4 of the Dungeon)

   rF:        It protects you from fire.
   rC:        It protects you from cold.
   rPois:     It protects you from poison.
 J - a +2 dagger of venom
 K - a +2 short sword of speed
 Q - the +8 mithril axe "Arga" (weapon) {speed, Will+}
   (You found it on level 9 of the Dungeon)

   Will:      It increases your willpower.
Armour
 b - a +0 robe
 d - an orb of light (worn)
 A - an orb of mayhem
 M - a +1 ring mail of fire resistance (worn)
Jewellery
 i - a ring of flight
 j - an amulet of reflection (around neck)
 u - a ring of see invisible (right hand)
 N - an amulet of faith
 P - a +5 ring of evasion (left hand)
Wands
 B - a wand of roots (21)
 E - a wand of polymorph (11)
 F - a wand of charming (8)
 H - a wand of flame (6)
 I - a wand of mindburst (13)
Scrolls
 h - 9 scrolls of teleportation
 k - 4 scrolls of revelation
 q - 3 scrolls of fear
 t - 3 scrolls of immolation
 w - a scroll of noise
 y - 2 scrolls of brand weapon
 C - 2 scrolls of summoning
 D - a scroll of fog
 G - 2 scrolls of enchant armour
 L - 2 scrolls of vulnerability {unknown}
Potions
 c - a potion of ambrosia
 e - 3 potions of lignification
 g - 2 potions of mutation {unknown}
 l - 2 potions of might {unknown}
 m - 2 potions of curing
 n - a potion of cancellation {unknown}
 o - a potion of resistance {unknown}
 p - 5 potions of heal wounds
 r - a potion of degeneration {unknown}
 s - a potion of enlightenment {unknown}
 v - a potion of berserk rage {unknown}
 x - 2 potions of attraction {unknown}
 O - a potion of brilliance {unknown}
 R - 2 potions of invisibility {unknown}
 S - a potion of haste {unknown}


   Skills:
 + Level 10.3 Fighting
 + Level 9.5 Short Blades
 + Level 9.5 Dodging
 + Level 8.0 Invocations


You had 9 spell levels left.
You didn't know any spells.
Your spell library contained the following spells:

 Spells                   Type           Power      Damage    Failure   Level
 Freeze                   Ice            0%         1d3       65%         1
 Magic Dart               Conj           0%         1d3       65%         1
 Necrotise                Necr           0%         1d4       65%         1
 Call Imp                 Summ           0%         N/A       80%         2
 Call Canine Familiar     Summ           0%         N/A       95%         3
 Frozen Ramparts          Ice            0%         1d1       95%         3
 Hailstorm                Conj/Ice       0%         3d3       95%         3
 Mephitic Cloud           Conj/Pois/Air  0%         N/A       95%         3
 Portal Projectile        Hex/Tloc       0%         N/A       95%         3
 Tukima's Dance           Hex            0%         N/A       95%         3
 Vampiric Draining        Necr           0%         2d6       95%         3
 Ice Form                 Ice/Tmut       0%         N/A       100%        4
 Leda's Liquefaction      Hex/Erth       0%         N/A       100%        4
 Passage of Golubria      Tloc           0%         N/A       100%        4
 Summon Ice Beast         Ice/Summ       0%         N/A       100%        4
 Agony                    Necr           0%         N/A       100%        5
 Yara's Violent Unravell  Hex/Tmut       0%         3d3       100%        5


Dungeon Overview and Level Annotations

Branches:
Dungeon (9/15)             Temple (0/1) D:7          Bailey (1/1)
   Lair: D:8-11         Orc: D:9-12

Altars:
Ashenzari
Dithmenos
Fedhas
Gozag
Nemelex Xobeh
Okawaru
Ru
Sif Muna
Uskayaw
Vehumet
Yredelemnul
Zin

Annotations:
D:4 3 runed translucent doors, MirrMurr's ghost, novice SpHu
D:5 1 runed translucent door, Crazy Yiuf


Innate Abilities, Weirdness & Mutations

You have a pair of horns on your head.
You reflexively headbutt those who attack you in melee.


Message History

You slash the gnoll!
You kill the gnoll!
The orc warlord roars a battlecry!
The orc knight goes into a battle-frenzy!
You can now pass through a line of other dancers.
You slash the gnoll!
The gnoll is severely wounded.
You block the gnoll's attack.
You barely miss the gnoll. You headbutt the gnoll.
You kill the gnoll!
You closely miss the orc warrior. You hit the orc warlord.
The orc warlord is lightly wounded.
You slash the orc warlord!
The orc warlord is lightly wounded.
The orc warlord hits you with a +4 battleaxe!
Uskayaw will force your foes to helplessly watch your dance.
Uskayaw prepares the audience for your solo!
The helpless orc warlord fails to defend itself.
You hit the orc warlord.
The orc warlord is lightly wounded.
The orc warlord is no longer paralysed.
The orc warlord barely misses you.
You hit the orc warlord.
The orc warlord is moderately wounded.
The orc knight is no longer paralysed.
The hobgoblin is no longer paralysed.
The orc warlord hits you with a +4 battleaxe!!
You hit the orc warlord. You headbutt the orc warlord.
The orc warlord is moderately wounded.
The gnoll is no longer paralysed.
The orc warrior is no longer paralysed. x2
The orc warlord completely misses you.
You hit the orc warlord but do no damage.
Your headbutt misses the orc warlord.
The orc warlord is moderately wounded.
The orc warlord hits you with a +4 battleaxe!!!
Ouch! That really hurt!
* * * LOW HITPOINT WARNING * * *
You slash the orc warlord!
The orc warlord is moderately wounded.
The orc warlord hits you with a +4 battleaxe!!
You die...

##.....##.........##..)..##
##'####...........####)##
##.....##.........##..)..##
#.......#.........#....)..#
##.......##.......##.......##
#.........#...og..#.........#
##.........###goo###.........##
#.....⌠.....###o###.....⌠.....#
##.........##88@88##.........##
#.........#.......#.........#
##...).))##.......##.......##
#.....).'........)'.......#
##.....##........)##.....##
#######.....⌠.....#######
##.........## #.........#
##.......##


You could see an orc warlord (strong), an orc knight (strong), 2 orc warriors, a
gnoll and a hobgoblin.

Vanquished Creatures
  Harold (D:9)
  Pikel (D:7)
  Grinder (D:4)
  Sigmund (D:4)
  A wyvern (D:8)
  6 yaks (D:8)
  Menkaure (D:6)
  2 water moccasins (D:7)
  10 orc warriors
  2 black bears
  3 ogres
  A lemure (D:7)
  2 phantoms (D:5)
  3 bullfrogs
  3 wyvern zombies (D:8)
  3 scorpions
  4 wights (D:8)
  2 killer bees (D:8)
  4 howler monkeys (D:8)
  A crimson imp (D:5)
  3 centaur zombies (D:8)
  8 orc priests
  2 jellies
  2 iguanas
  5 orc wizards
  2 killer bee zombies (D:8)
  8 gnolls (Bailey)
  A howler monkey zombie (D:8)
  6 adders
  A shadow imp (D:6)
  2 white imps
  2 ufetubi
  2 worms
  3 dart slugs
  34 orcs
  4 endoplasms
  3 giant cockroaches
  11 goblins
  14 hobgoblins
  4 jackals (D:3)
  A quokka (D:2)
  3 ball pythons
  3 bats
  5 frilled lizards
  6 kobolds
187 creatures vanquished.

Notes
Turn   | Place    | Note
-------+----------+-------------------------------------------
     0 | D:1      | Anon1729 the Minotaur Monk began the quest for the Orb.
     0 | D:1      | Reached XP level 1. HP: 19/19 MP: 0/0
   242 | D:1      | Reached XP level 2. HP: 27/27 MP: 1/1
   748 | D:2      | Found a faded altar of an unknown god.
   753 | D:2      | Reached skill level 4 in Fighting
   773 | D:2      | Reached skill level 1 in Invocations
   913 | D:2      | Reached XP level 3. HP: 33/33 MP: 2/2
  1668 | D:3      | Reached XP level 4. HP: 37/41 MP: 4/4
  1701 | D:3      | Found a blossoming altar of Fedhas.
  1704 | D:3      | Found a broken altar of Ashenzari.
  1704 | D:3      | Found a hide-covered altar of Uskayaw.
  1705 | D:3      | Found a sacrificial altar of Ru.
  1712 | D:3      | Became a worshipper of Uskayaw the Reveller
  1712 | D:3      | Reached * piety under Uskayaw
  1964 | D:3      | Found a shimmering blue altar of Sif Muna.
  1974 | D:3      | Reached ** piety under Uskayaw
  2173 | D:3      | Noticed a black bear
  2181 | D:3      | Reached *** piety under Uskayaw
  2182 | D:3      | Killed a black bear
  2183 | D:3      | Reached XP level 5. HP: 35/47 MP: 5/5
  2292 | D:4      | Found a runed translucent gate.
  2292 | D:4      | Found a runed translucent gate.
  2292 | D:4      | Found a runed translucent gate.
  2300 | D:4      | Noticed MirrMurr's ghost (novice SpHu)
  2384 | D:4      | Found an iron altar of Okawaru.
  2487 | D:4      | Noticed Sigmund
  2504 | D:4      | Killed Sigmund
  2505 | D:4      | Reached skill level 5 in Fighting
  2505 | D:4      | Reached XP level 6. HP: 49/56 MP: 5/7
  2628 | D:4      | Noticed Grinder
  2648 | D:4      | Killed Grinder
  2649 | D:4      | Reached skill level 5 in Short Blades
  2649 | D:4      | Reached skill level 5 in Dodging
  2649 | D:4      | Reached XP level 7. HP: 32/62 MP: 8/8
  2655 | D:4      | Identified the +5 trident of the Past {flame, rPois rF+
                  | rC+}
  2779 | D:4      | Found a shadowy altar of Dithmenos.
  3090 | D:5      | Entered Level 5 of the Dungeon
  3205 | D:5      | Reached skill level 6 in Fighting
  3439 | D:5      | Found a sparkling altar of Nemelex Xobeh.
  3474 | D:5      | Reached **** piety under Uskayaw
  3624 | D:5      | Reached XP level 8. HP: 71/71 MP: 10/10
  4340 | D:5      | Found a runed translucent door.
  4341 | D:5      | Noticed Crazy Yiuf
  4755 | D:6      | Reached skill level 7 in Fighting
  4925 | D:6      | Reached ***** piety under Uskayaw
  4926 | D:6      | Reached skill level 5 in Invocations
  5137 | D:6      | Found an opulent altar of Gozag.
  5319 | D:6      | Found a glowing silver altar of Zin.
  5441 | D:6      | Noticed Menkaure
  5449 | D:6      | Killed Menkaure
  5668 | D:6      | Found a radiant altar of Vehumet.
  5958 | D:7      | Found a staircase to the Ecumenical Temple.
  6413 | D:7      | Noticed Pikel
  6433 | D:7      | Killed Pikel
  6434 | D:7      | Reached skill level 8 in Fighting
  6434 | D:7      | Reached XP level 9. HP: 64/81 MP: 12/12
  7859 | D:8      | Reached skill level 9 in Fighting
  8011 | D:8      | Found a basalt altar of Yredelemnul.
  8116 | D:8      | Identified the +8 hand axe of Anguish {heavy, rCorr}
  8550 | D:9      | Noticed Harold
  8552 | D:9      | Found a flagged portal.
  8552 | D:9      | Found the +8 mithril axe "Arga" {speed, Will+}
  8578 | D:9      | Killed Harold
  8579 | D:9      | Reached XP level 10. HP: 22/91 MP: 14/14
  9012 | D:8      | Reached skill level 10 in Fighting
  9034 | D:9      | Identified the +2 hand axe "Enwig" {heavy, rElec rN+}
  9050 | Bailey   | Entered a bailey
  9580 | Bailey   | Noticed an orc warlord
  9581 | Bailey   | Noticed an orc knight
  9596 | Bailey   | Annihilated by an orc warlord

Illustrated notes

Levels and vault maps discovered:
D:1:      matt_arrival_diagonals, layout_loops_ring
D:2:      layout_loops_ring, shapermc_ecumenical_altar_mp_highgroup
D:3:      layout_basic, nicolae_overflow_crystal_walls,
          grunt_temple_overflow_open
D:4:      layout_loops_ring, general_overflow_altar,
          mainiacjoe_overflow_small_starburst, gammafunk_ghost_necromancy,
          uniq_grinder, uniq_sigmund
D:5:      layout_basic, mainiacjoe_overflow_alcove_2, minivault_27,
          minmay_fire_ice_demons, uniq_crazy_yiuf_cottage
D:6:      layout_loops_ring, grunt_gozag_breadcrumbs, zin_statuary,
          fiery_altar_vehumet, serial_aquarium, aquarium_bridge_square
          [aquarium_subvault_wall, aquarium_subvault_bridge,
          aquarium_subvault_window, aquarium_subvault_wall],
          aquarium_window_corner, aquarium_window_1, aquarium_view_2d,
          aquarium_balcony_double_3, uniq_menkaure
D:7:      layout_layer_cave, minmay_temple_entry_stoned_glass, uniq_pikel
D:8:      layout_rooms, nicolae_yredelemnul_corpse_copse,
          serial_co_window_serial, co_window_paths_a,
          co_window_of_opportunity_a, co_window_corner_a, co_window_paths_a,
          co_window_corner_a, co_window_corner_a, co_window_paths_a,
          co_window_paths_a, co_window_paths_a, co_window_corner_b,
          co_window_2corner, co_window_paths_c, co_window_2corner,
          co_window_corner_b, co_window_paths_d, glass_columns_c,
          glass_columns_a
D:9:      layout_long_grid, grunt_lair_entry_orc_guard_hut, enter_bailey_2,
          uniq_harold, uniq_amaemon
Bailey:   bailey_axe_minmay_hex_keep, bailey

Skill      XL: |  1  2  3  4  5  6  7  8  9 10 |
---------------+-------------------------------+-----
Fighting       | 4 5 6 8 9 10 | 10.3
Invocations    | 1 2 3 4 5 7 8 |  8.0
Dodging        | 4 5 6 7 8 9 |  9.5
Short Blades   | 4 5 6 7 8 9 |  9.5

Action                     |  1- 3 |  4- 6 |  7- 9 | 10-12 || total
---------------------------+-------+-------+-------+-------++-------
  Melee: Short sword       |    90 |    51 |   195 |       ||   336
         Headbutt          |    22 |    11 |   114 |    17 ||   164
         Dagger            |       |       |   193 |       ||   193
         Trident           |       |       |     1 |    37 ||    38
         Broad axe         |       |       |       |    59 ||    59
 Invoke: Stomp             |       |       |     2 |       ||     2
         Line Pass         |       |       |     1 |       ||     1
  Evoke: Wand              |       |       |       |     6 ||     6
    Use: Scroll            |       |       |     9 |       ||     9
         Potion            |       |       |     3 |     1 ||     4
   Stab: Paralysed         |       |     5 |    14 |    12 ||    31
         Confused          |       |       |     1 |       ||     1
 Armour: Robe              |    23 |    16 |    38 |       ||    77
         Ring mail         |       |       |    16 |     9 ||    25
         Skin              |       |       |     2 |    10 ||    12
  Dodge: Dodged            |    52 |    29 |   183 |    68 ||   332
  Block: Orb               |       |     2 |    60 |    18 ||    80
         Reflection        |       |       |     1 |       ||     1

Table legend: (Time is in decaauts)
 A = Elapsed time spent in this place.
 B = Non-inter-level travel time spent in this place.
 C = Inter-level travel time spent in this place.
 D = Time resting spent in this place.
 E = Time spent auto-exploring this place.
 F = Levels seen in this place.
 G = Mean time per level.
                   A        B        C        D        E       F      G
               +--------+--------+--------+--------+--------+-----+--------+
         Total |   9446 |   9180 |    266 |   1022 |   7007 |  10 |  944.6 |
       Dungeon |   8898 |   8632 |    266 |    894 |   6678 |   9 |  988.7 |
        Bailey |    548 |    548 |      0 |    128 |    329 |   1 |  548.0 |
               +--------+--------+--------+--------+--------+-----+--------+

Top non-repeatable levels by time:
     D:8: 1621 daAuts
     D:7: 1520 daAuts
     D:5: 1375 daAuts
     D:6: 1187 daAuts
     D:3: 914 daAuts
     D:4: 811 daAuts
     D:2: 712 daAuts
     D:1: 622 daAuts
  Bailey: 548 daAuts
     D:9: 132 daAuts
